 Dungeon Crawl Stone Soup version 0.22-a0-192-g6ffc940 (webtiles) character file.

49 vishdafish the Skirmisher (level 3, -4/29 HPs)
             Began as a Demonspawn Fighter on Feb 16, 2018.
             Slain by Robin
             ... wielding a +0 trident
              (6 damage)
             ... on level 2 of the Dungeon.
             The game lasted 00:01:08 (797 turns).

vishdafish the Skirmisher (Demonspawn Fighter)       Turns: 797, Time: 00:01:09

Health: -4/29      AC:  6    Str: 21    XL:     3   Next: 51%
Magic:  3/3        EV:  7    Int: 12    God:
Gold:   59         SH:  9    Dex: 12    Spells: 2/2 levels left

rFire    . . .     SeeInvis .   a - +0 long sword
rCold    . . .     Gourm    .   c - +0 shield
rNeg     . . .     Faith    .   b - +0 scale mail
rPois    .         Spirit   .   (helmet restricted)
rElec    .         Reflect  .   (no cloak)
rCorr    .         Harm     .   (no gloves)
MR       .....                  (no boots)
Stlth    ..........             (no amulet)
HPRegen  0.09/turn              i - +2 ring of intelligence
MPRegen  0.08/turn              (no ring)

@: mighty
A: antennae 1
a: no special abilities


You were on level 2 of the Dungeon.
You were not hungry.

You visited 1 branch of the dungeon, and saw 2 of its levels.

You collected 59 gold pieces.

Inventory:

Hand Weapons
 a - a +0 long sword (weapon)
Armour
 b - a +0 scale mail (worn)
 c - a +0 shield (worn)
Jewellery
 i - a +2 ring of intelligence (left hand)
Scrolls
 e - 2 scrolls of teleportation {unknown}
 g - a scroll of amnesia {unknown}
 h - a scroll of blinking {unknown}
Potions
 j - a potion of heal wounds {unknown}
Comestibles
 f - a ration


   Skills:
 + Level 3.2 Fighting
 + Level 2.4 Long Blades
 + Level 3.0 Armour
 + Level 0.6 Dodging
 + Level 3.1 Shields


You had 2 spell levels left.
You didn't know any spells.

Dungeon Overview and Level Annotations

Branches:
Dungeon (2/15)

Altars:

Annotations:
D:2 Robin


Innate Abilities, Weirdness & Mutations

You have a pair of small antennae on your head.


Message History

You kill the goblin!
The kobold hits you with a dagger.
* * * LOW HITPOINT WARNING * * *
You completely miss the kobold. You block the kobold's attack.
You hit the kobold but do no damage.
The kobold hits you but does no damage. x2
You closely miss the kobold.
Robin points. "Kill!"
The kobold barely misses you.
You slash the kobold!
You kill the kobold!
You block the rat's attack.
Your shield and scale mail prevent you from hitting the rat.
You block the rat's attack. Robin hits you but does no damage.
Your shield prevents you from hitting the rat.
The rat bites you but does no damage. Robin closely misses you.
The rat closely misses you.
You riposte.
You closely miss the rat. You slash the rat!
You kill the rat!
Robin hits you from afar with a trident.
You die...

.........#...†.............
.....##........#...........
#..........#..>...<.†......
..#.....######.............
. # ..### #.............
$.# #.............
#g#...........
#)#......#.### #@####.....#
#)# .##### #.# # ... ..#
...# .... .....


You could see Robin.

Vanquished Creatures
  A leopard gecko (D:1)
  4 bats
  2 giant cockroaches
  10 goblins
  10 hobgoblins
  2 jackals (D:2)
  3 kobolds
  6 frilled lizards (D:1)
  3 rats
41 creatures vanquished.

Notes
Turn   | Place    | Note
-------+----------+-------------------------------------------
     0 | D:1      | vishdafish the Demonspawn Fighter began the quest for the Orb.
     0 | D:1      | Reached XP level 1. HP: 18/18 MP: 1/1
   221 | D:1      | Gained mutation: You have a pair of small antennae on your head. [demonic ancestry]
   221 | D:1      | Reached XP level 2. HP: 22/24 MP: 2/2
   742 | D:2      | Reached XP level 3. HP: 28/29 MP: 3/3
   753 | D:2      | Noticed Robin
   790 | D:2      | HP: 1/29 [kobold/dagger (3)]
   797 | D:2      | Slain by Robin

Vault maps used:
D:1:      saegor_arrival_simple_c, minmay_lizard_pond
D:2:      eino_tiny_chamber, uniq_crazy_yiuf_cottage, uniq_robin, uniq_jessica

Skill      XL: |  1  2 |
---------------+-------+-----
Long Blades    | 2 |  2.4
Shields        | 3 |  3.1
Armour         | 3 |  3.0
Fighting       | |  3.2
Dodging        | |  0.6

Action                   || total
-------------------------++-------
Melee: Long sword        ||   117
  Use: Potion            ||     1
Armor: Scale mail        ||    86
Dodge: Dodged            ||    44
Block: Shield            ||    70
       Rpst.: Long sword ||    13

Table legend:
 A = Spawn XP
 B = Non-spawn XP
 C = Spawn XP percentage of total XP
 D = Spawn monster count
 E = Non-spawn monster count
 F = Spawn count percentage of total count
 G = Total turns spent on level
                    A         B        C        D         E        F      G
               +---------+---------+-------+---------+---------+-------+---------
         Total |       0 |      70 |   0.0 |       0 |      41 |   0.0 |   797
               +---------+---------+-------+---------+---------+-------+---------
           D:1 |       0 |      37 |   0.0 |       0 |      22 |   0.0 |   726
           D:2 |       0 |      33 |   0.0 |       0 |      19 |   0.0 |    71
               +---------+---------+-------+---------+---------+-------+---------
